[Event "55th Biel Festival MTO 2022"]
[Site "Biel"]
[Date "2022.07.22"]
[Round "9.10"]
[White "Banusz, Tamas"]
[Black "Licznerski, Lukasz"]
[Result "1-0"]
[ECO "A16"]
[WhiteElo "2611"]
[BlackElo "2451"]
[Annotator "TA"]
[PlyCount "95"]
[EventDate "2022.07.13"]
[EventType "swiss"]
[EventCountry "SUI"]
[SourceTitle "playchess.com"]
[Source "ChessBase"]
[SourceQuality "1"]
[TimeControl "40/5400+30:1800+30"]

1. Nf3 Nf6 2. c4 g6 3. Nc3 d5 4. cxd5 Nxd5 5. h4 Bg7 6. e4 {[%emt 0:00:47] A16: English Opening: 1...Nf6 with ...d5.} Nxc3 7. dxc3 Qxd1+ 8. Kxd1 {[%emt 0:00:05] The position is equal.} Nd7 9. h5 Nc5 10. h6 Bf8 11. e5 Bg4 12. Be3 O-O-O+ 13. Kc1 {[%emt 0:02:21] [#]} Bxf3 $146 ({Predecessor:} 13... Nd3+ 14. Kc2 Bf5 15. Kb3 f6 16. Bd4 Be6+ 17. Kc2 fxe5 18. Nxe5 Nb4+ 19. Kc1 Nxa2+ 20. Kc2 Nb4+ 21. Kc1 Na2+ 22. Kc2 {½-½ (22) Albano,A (2276)-Connelly,K (2255) ICCF email 2017}) 14. gxf3 e6 15. Kc2 a6 16. a4 Be7 17. f4 Nd7 18. a5 Rhe8 ({Better is} 18... Bc5 $14) 19. b4 $16 c6 20. Bc4 Bf8 21. Rae1 {[%emt 0:03:30] 0x0.0024c27a5b8bdp-1022s more active pieces.} Kc7 22. Kb3 Kc8 23. f3 Kb8 24. Bc1 Kc7 25. f5 $1 gxf5 {[%emt 0:03:08] [#]} 26. Rhg1 $1 {[%emt 0:00:22][%cal Bh1g1,Bg1g8,Bg8h8,Bh8h7][%mdl 32] aiming for Rg8.} b5 27. axb6+ $1 {[%emt 0:00:33][%mdl 64] Discovered Attack} Kxb6 {[%emt 0:00:45] [#]} (27... Nxb6 $142 28. Rg8 (28. Bxa6 Ra8 $14) 28... c5) 28. Rg8 $1 f6 $2 {[%emt 0:00:31] Loses the game.} (28... c5 $16 {was necessary.}) 29. Rh8 $18 fxe5 30. Rxh7 {[%emt 0:01:08] Strongly threatening Bg5.} f4 31. Rd1 {[%emt 0:04:41] Against Bd6} Kc7 (31... Nf6 $2 32. Rxd8 Rxd8 33. Rf7 Bxh6 34. Rxf6 $18) 32. Rg1 ({Don't do} 32. Bxa6 $6 Bxh6 33. Rdxd7+ (33. Rxh6 Nc5+ 34. bxc5 Rxd1 $16) 33... Rxd7 $18) 32... Bd6 (32... Rb8 $142 33. Rg2 Re7 34. Rxe7 Bxe7) 33. Rgg7 e4 34. fxe4 Be5 35. Rf7 ({Not} 35. Bxa6 Bxg7 36. hxg7 (36. Rxg7 e5 $11) 36... e5 $14) 35... Kd6 36. Bxf4 Bxf4 37. Rxf4 Rh8 38. Rxh8 Rxh8 {[%emt 0:00:31][%mdl 4096] Endgame KRB-KRN} 39. Rh4 Ne5 40. Bxa6 Rh7 41. c4 {[%emt 0:09:20][%cal Bc3c4,Bc4c5][%mdl 32] White is clearly winning.} Nf7 42. c5+ Ke7 43. Ka4 Rxh6 (43... Kd8 $142 44. Ka5 Kc7) 44. Rxh6 Nxh6 45. Ka5 Ng4 46. Kb6 Kd7 47. b5 cxb5 48. c6+ {[%emt 0:00:17] Weighted Error Value: White=0.06 (flawless) /Black=0.23 (precise)} 1-0

[Event "55th Biel Festival MTO 2022"]
[Site "Biel"]
[Date "2022.07.22"]
[Round "9.11"]
[White "Aryan Chopra"]
[Black "Gurel, Ediz"]
[Result "1-0"]
[ECO "B41"]
[WhiteElo "2610"]
[BlackElo "2435"]
[Annotator "TA"]
[PlyCount "77"]
[EventDate "2022.07.13"]
[EventType "swiss"]
[EventCountry "SUI"]
[SourceTitle "playchess.com"]
[Source "ChessBase"]
[SourceQuality "1"]
[TimeControl "40/5400+30:1800+30"]

1. e4 c5 2. Nf3 e6 3. d4 cxd4 4. Nxd4 a6 5. c4 Nf6 6. Nc3 Bb4 7. Qd3 {[%emt 0:00:30] is the new trend. B41: Sicilian: Kan Variation: 5 c4.} d5 8. exd5 exd5 9. Be2 {[%emt 0:00:15] The position is equal.} O-O 10. O-O (10. cxd5 {looks sharper.} Nxd5 11. O-O Nc6 12. Nxc6 bxc6 13. Nxd5 Qxd5 14. Qg3) 10... Nc6 11. Nxc6 (11. cxd5 {is interesting.} Nxd5 12. Nxc6 bxc6 13. Nxd5 Qxd5 14. Qg3) 11... bxc6 12. cxd5 Nxd5 13. Nxd5 Qxd5 14. Qxd5 (14. Qg3 {with more complications.} Bd6 15. Bf4 Bxf4 16. Qxf4 Be6 17. Rfc1) 14... cxd5 15. Bf4 $5 {[%emt 0:00:07][%mdl 4] Exploring less charted territory.} a5 16. Rfd1 Be6 {[%emt 0:02:00] [#]} 17. Bf3 $146 ({Predecessor:} 17. Rac1 Rfc8 18. Rxc8+ Rxc8 19. Rc1 Rxc1+ 20. Bxc1 Kf8 21. a3 Bc5 22. Bd2 Bd4 23. Bxa5 Bxb2 {1-0 (44) Tsaruk,M (2230)-Guz,A (2162) Bratislava 2019}) 17... Rfd8 18. Rac1 Be7 19. Be5 h6 20. Kf1 Rac8 (20... Bf8 $11 {keeps the balance.}) 21. Bc7 $1 $16 {[%emt 0:12:55] White is more active.} Rd7 {[%emt 0:07:05] White now steadily converts the win.} 22. Bxa5 Rxc1 23. Rxc1 d4 24. a3 d3 (24... Bg5 $16 {keeps fighting.} 25. Rc8+ Kh7) 25. Bd2 Bf6 26. b4 {[%emt 0:05:37][%cal Bb2b4,Bb4b5,Bb5b6,Bb6b7][%mdl 32] And now b5 would win.} Ra7 27. b5 {[%emt 0:01:01] Hoping for b6.} Rxa3 28. b6 {[%emt 0:00:16] b7 is the strong threat.} Rb3 29. b7 Kh7 {[%emt 0:02:10] [#]} (29... Be5 $16 30. Rc8+ Kh7) 30. g3 $1 $18 Be5 31. Kg2 g5 32. Rc5 Bd6 (32... Bd4 $142 33. Rc8 Be5) 33. Rc6 Be5 34. Bc3 Bb8 (34... Bxc3 $2 {[#]} 35. Rxc3 $1 Rb1 36. Rc8 $18) (34... d2 $142) 35. Rc8 {[%emt 0:00:14] Threatens to win with Rh8+.} Bd6 36. Bh5 Bd5+ 37. f3 f6 $2 (37... Rxc3 38. Rxc3 Bxb7 39. Rxd3 Be5) 38. Bxf6 Bg8 39. Rd8 {[%emt 0:00:19] Weighted Error Value: White=0.07 (flawless) /Black=0.36} 1-0

[Event "55th Biel Festival MTO 2022"]
[Site "Biel"]
[Date "2022.07.22"]
[Round "9.12"]
[White "Huschenbeth, Niclas"]
[Black "Krishna C R G"]
[Result "1/2-1/2"]
[ECO "C18"]
[WhiteElo "2610"]
[BlackElo "2430"]
[Annotator "TA"]
[PlyCount "34"]
[EventDate "2022.07.13"]
[EventType "swiss"]
[EventCountry "SUI"]
[SourceTitle "playchess.com"]
[Source "ChessBase"]
[SourceQuality "1"]
[TimeControl "40/5400+30:1800+30"]

1. e4 e6 2. d4 d5 3. Nc3 Bb4 4. e5 c5 5. a3 Bxc3+ 6. bxc3 Ne7 7. Qg4 cxd4 8. Bd3 {[%emt 0:00:12] C18: French: 3 Nc3 Bb4: Main line: 7 h4 and 7 Qg4.} Qa5 9. Rb1 Nd7 10. Nf3 Qxc3+ 11. Bd2 Qc7 12. O-O Nxe5 {[%emt 0:19:47] The position is equal.} 13. Nxe5 ({Not} 13. Qxg7 $2 Nxf3+ 14. gxf3 Rg8 $19) 13... Qxe5 14. Bf4 {[%emt 0:05:55] [#]} Qf6 $146 {[%emt 0:18:04] [#] Strongly threatening ...e5.} ({Predecessor:} 14... h5 15. Qh4 Nf5 16. Bb5+ Bd7 17. Bxd7+ Kxd7 18. Rxb7+ Ke8 19. Bxe5 Nxh4 20. Rfb1 Rh6 21. Bxd4 Rg6 22. Bc5 Nf5 23. Bxa7 {1-0 (50) Perunovic,M (2589)-Iljiushenok,I (2521) Moscow 2019}) 15. Bg5 Qe5 16. Bf4 {[%emt 0:21:06] This bishop pair is nice.} Qf6 {[%emt 0:00:47] ...e5 is the strong threat.} 17. Bg5 Qe5 {[%emt 0:00:09] An interesting draw.  Weighted Error Value: White=0.08 (flawless) /Black=0.09 (flawless)} 1/2-1/2

[Event "55th Biel Festival MTO 2022"]
[Site "Biel"]
[Date "2022.07.22"]
[Round "9.13"]
[White "Hilby, Craig"]
[Black "Ganguly, Surya Shekhar"]
[Result "1/2-1/2"]
[ECO "B90"]
[WhiteElo "2422"]
[BlackElo "2608"]
[Annotator "TA"]
[PlyCount "42"]
[EventDate "2022.07.13"]
[EventType "swiss"]
[EventCountry "SUI"]
[SourceTitle "playchess.com"]
[Source "ChessBase"]
[SourceQuality "1"]
[TimeControl "40/5400+30:1800+30"]

1. e4 c5 2. Nf3 d6 3. d4 cxd4 4. Nxd4 Nf6 5. Nc3 a6 6. Be3 e5 7. Nf3 Be7 8. Bc4 O-O 9. O-O Nc6 10. Re1 {[%emt 0:01:22] B90: Sicilian Najdorf: Unusual White 6th moves, 6 Be3 Ng4 and 6 Be3 e5.} Be6 {[%emt 0:00:06] Nowadays more popular than 10...b5.} 11. Nd5 Bxd5 (11... Nxe4 $2 12. Bb6 Qc8 13. Rxe4 $18) 12. exd5 b5 13. Bf1 Nb4 14. c4 bxc4 15. Bxc4 {[%emt 0:00:10] a3 is the strong threat.} Qc7 16. Rc1 {[%emt 0:05:22] [#] Black must now prevent a3.} Qb7 $1 17. Qb3 {[%emt 0:00:16] Strongly threatening a3.} Rfb8 18. Red1 Qd7 19. Qc3 Qb7 {[%emt 0:00:01][%cal Rb4d5] [#]} 20. Qb3 $146 (20. Qd2 $5 ) ({Predecessor:} 20. Qd2 Ne4 21. Qe2 Nf6 22. Ng5 a5 23. a3 Na6 24. f4 exf4 25. Bd4 h6 26. Ne4 Nxe4 27. Qxe4 Bg5 28. Bd3 {½-½ (42) Simakov,V (2327)-Kopeikin,V (2416) ICCF email 2012}) 20... Qd7 21. Qc3 Qb7 {[%emt 0:00:04] A rather calm draw.  Weighted Error Value: White=0.05 (flawless) /Black=0.03 (flawless)} 1/2-1/2

[Event "55th Biel Festival MTO 2022"]
[Site "Biel"]
[Date "2022.07.22"]
[Round "9.14"]
[White "Iniyan, P."]
[Black "Korley, Kassa"]
[Result "1-0"]
[ECO "D31"]
[WhiteElo "2533"]
[BlackElo "2421"]
[Annotator "TA"]
[PlyCount "55"]
[EventDate "2022.07.13"]
[EventType "swiss"]
[EventCountry "SUI"]
[SourceTitle "playchess.com"]
[Source "ChessBase"]
[SourceQuality "1"]
[TimeControl "40/5400+30:1800+30"]

1. d4 d5 2. c4 e6 3. Nc3 a6 4. cxd5 exd5 5. Qb3 Bd6 6. Qxd5 {[%emt 0:08:14] D31: Queen's Gambit Declined: Semi-Slav without ...Nf6 (+ Marshall Gambit and Noteboom) and Exchange Variation lines without ...Nf6.} Nf6 7. Qb3 c5 8. Nf3 {[%emt 0:15:51] White is slightly better.} cxd4 9. Nxd4 Bc5 10. Nf3 {[%emt 0:11:33] [#]} Be6 $146 ({Predecessor:} 10... O-O 11. Bf4 b5 12. Rd1 Qe7 13. e3 Be6 14. Qc2 Rc8 15. Qb1 Bb4 16. Bd3 Nd5 17. Bxh7+ Kh8 18. Rxd5 Bxd5 {0-1 (35) Perez Ponsa,F (2554)-Svane,R (2623) Chess.com INT 2021}) 11. Qd1 ({Don't blunder} 11. Qxb7 $2 Ra7 12. Qxa7 Bxa7 $19) ({White should play} 11. Qc2 $14) 11... Qe7 (11... Nc6 $11) 12. e3 (12. Bg5 $14) 12... Nc6 $11 13. a3 O-O 14. Be2 Rfd8 15. Qc2 Rac8 16. O-O (16. Ng5 {with more complications.} Na5 17. Nxe6 Qxe6 18. O-O) 16... Bd6 17. h3 (17. Rd1 {feels hotter.} Ng4 18. g3 b5 19. Bd2) 17... h6 18. Bd2 Qd7 19. Qa4 b5 20. Qh4 Ne7 21. Ne4 $1 Nxe4 22. Qxe4 Bf5 23. Qh4 Ng6 {[%emt 0:01:40] [#]} (23... Rc2 $11) 24. Qh5 $1 $16 Ne5 {[%emt 0:01:45] aiming for ...g6.} 25. Ba5 {[%emt 0:01:08] And now Nxe5 would win.} Re8 (25... Bg6 $142 26. Qh4 (26. Nxe5 Bxh5 27. Nxd7 Bxe2 $14) 26... Re8) 26. Rfd1 {[%emt 0:01:01][%cal Od1d6] Strongly threatening Rxd6!} Nxf3+ 27. Bxf3 {[%emt 0:00:22][%cal Od1d6] Hoping for Rxd6!} ({Much less strong is} 27. Qxf3 Be4 28. Qf4 Bxf4) 27... Bc2 28. Bb4 {[%emt 0:00:19] Weighted Error Value: White=0.12 (very precise) /Black=0.13 (very precise)} 1-0

[Event "55th Biel Festival MTO 2022"]
[Site "Biel"]
[Date "2022.07.22"]
[Round "9.15"]
[White "Gagare, Shardul"]
[Black "Peyrer, Konstantin"]
[Result "1-0"]
[ECO "A15"]
[WhiteElo "2514"]
[BlackElo "2406"]
[Annotator "TA"]
[PlyCount "67"]
[EventDate "2022.07.13"]
[EventType "swiss"]
[EventCountry "SUI"]
[SourceTitle "playchess.com"]
[Source "ChessBase"]
[SourceQuality "1"]
[TimeControl "40/5400+30:1800+30"]

1. Nf3 Nf6 2. g3 g6 3. b3 Bg7 4. Bb2 O-O 5. Bg2 d6 6. c4 e5 7. O-O Nc6 8. d3 Nh5 9. Nc3 f5 10. a3 {[%emt 0:00:57] A15: English Opening: 1...Nf6.} Be6 (10... e4 11. dxe4 fxe4 12. Qd5+ Kh8 13. Qxe4 $16) 11. Nd2 Qd7 12. b4 {[%emt 0:00:45] [#] The position is equal.} e4 $146 ({Predecessor:} 12... f4 13. b5 Nd8 14. Nde4 Bh3 15. f3 fxg3 16. hxg3 Bxg2 17. Kxg2 Ne6 18. a4 Nd4 19. e3 Nf5 20. Qe2 Bh6 {1-0 (20) Utegaliev,A (2488)-Travadon,L (2413) Belgrade 2021}) 13. dxe4 f4 $1 14. Nf3 Bxc4 15. Rc1 Rae8 16. Na4 Bxb2 (16... Rxe4 $2 17. Nc5 Qf7 18. Ng5 Bxe2 19. Nxf7 $18) 17. Rxc4 Bg7 (17... Bxa3 $2 18. Qb3 $18) 18. Qd5+ Kh8 (18... Qf7 $14) 19. Nc5 $1 $18 Qe7 20. Nxb7 Ne5 21. Nxe5 Bxe5 22. Na5 {[%emt 0:01:42] White is more active.} ({Better is} 22. Qd3) 22... fxg3 $16 23. hxg3 {[%emt 0:00:20] Hoping for Nc6.} Qg5 {[%emt 0:00:10][%cal Oh5g3] [#] And now ...Nxg3! would win.} 24. Qd3 (24. Rxc7 $2 {[#]} Nxg3 $1 25. Qd3 (25. fxg3 Qe3+ 26. Kh1 Rxf1+ 27. Bxf1 Qxg3) 25... Nxf1 $19) 24... Nxg3 25. fxg3 $18 Rxf1+ 26. Kxf1 (26. Bxf1 Bxg3 27. Bg2 (27. Rxc7 $2 Rf8 $19) 27... Rf8 $11) 26... Bxg3 27. Nc6 $2 (27. Rxc7 $6 d5 28. Rc3 Rf8+ 29. Kg1 Bf2+ 30. Kh1 Rf4 $14) (27. Qd4+ $18 Be5 28. Qf2 (28. Qxa7 Rf8+ 29. Bf3 c5 $11)) 27... Rf8+ $1 $11 28. Bf3 {[%emt 0:00:04] Threatens to win with Qd4+.} Qh4 29. Qd4+ Kg8 {[%emt 0:00:12] ( -> ...Qh1+)} 30. Qg1 {[%emt 0:00:45] Against Qh1} ({But not} 30. Qd5+ $2 Rf7 31. Ne7+ Qxe7 $19) (30. Rc3 $1 $11 {feels stronger.}) 30... Kh8 $2 (30... d5 $1 $15 {keeps the upper hand.} 31. Ne7+ Qxe7 32. exd5 Qe5) 31. Rc3 g5 $2 (31... Rf7 32. Rc1 (32. Nxa7 g5 $11) (32. Qg2 g5 $14) 32... g5) 32. Qd4+ $18 {[%emt 0:01:04] White is clearly winning.} Kg8 33. Ne7+ Kf7 34. Nf5 {[%emt 0:00:24] Weighted Error Value: White=0.22 (precise) /Black=0.50} 1-0

[Event "55th Biel Festival MTO 2022"]
[Site "Biel"]
[Date "2022.07.22"]
[Round "9.16"]
[White "Bharath Subramaniyam H"]
[Black "Katz, Alexander"]
[Result "1-0"]
[ECO "D02"]
[WhiteElo "2479"]
[BlackElo "2402"]
[Annotator "TA"]
[PlyCount "101"]
[EventDate "2022.07.13"]
[EventType "swiss"]
[EventCountry "SUI"]
[SourceTitle "playchess.com"]
[Source "ChessBase"]
[SourceQuality "1"]
[TimeControl "40/5400+30:1800+30"]

1. d4 Nf6 2. Nf3 e6 3. Bf4 d5 4. c3 Bd6 5. e3 O-O 6. Nbd2 {[%emt 0:00:17] D02: 1 d4 d5 2 Nf3 sidelines, including 2...Nf6 3 g3 and 2...Nf6 3 Bf4.} c5 7. Bg3 Qc7 8. dxc5 {[%emt 0:00:29] The position is equal.} Qxc5 9. Bd3 Nbd7 10. Qe2 e5 11. e4 dxe4 12. Bxe4 Nxe4 13. Nxe4 Qc6 14. Nxd6 Qxd6 {[%emt 0:02:57] [#]} 15. O-O $146 (15. Nxe5 $2 Re8 16. Rd1 Qb6 $17) (15. Bxe5 $14 Nxe5 16. Qxe5) ({Predecessor:} 15. Bxe5 Nxe5 16. Qxe5 Qb6 17. O-O-O Be6 18. Qd4 Bxa2 19. Qxb6 axb6 20. Rd6 Bd5 21. Rd1 {1-0 (57) Starcevic,A (2237)-Petrek,D (2021) Pula 2022}) 15... f6 $11 16. c4 (16. Qc4+ $11 {is more appropriate.} Kh8 17. Rfd1) 16... Nc5 17. b4 {[%emt 0:11:14] And now Rfd1 would win.} Qd3 (17... Ne6 $5 18. c5 Nd4 19. Nxd4 Qxd4 $11) 18. Qb2 Ne4 19. Rac1 Rd8 20. Rfe1 Bf5 21. Re3 Qd7 22. Nh4 a5 23. bxa5 Nc5 {[%emt 0:08:05] Threatens to win with ...Nd3.} ({But not} 23... Qd1+ 24. Re1 Qd7 25. Nxf5 Qxf5 26. c5 $16 (26. Qxb7 Nc5 $11)) 24. Qb6 Rac8 25. Nxf5 Qxf5 26. Ree1 Rd2 27. Rcd1 Qc2 28. Rxd2 Qxd2 29. f3 Qxa2 30. Qb5 Qc2 31. h3 h6 32. Rf1 e4 33. fxe4 Qxe4 34. Re1 Qc6 (34... Qd3 $5 35. Bf2 Ne4 $14) 35. Rb1 (35. Kh2 {is interesting.} Kf7 36. Rd1 Kg6 37. Rd4) 35... Ne4 36. Qxc6 Rxc6 {[%emt 0:00:19][%mdl 4096] Endgame KRB-KRN} 37. Bb8 Rxc4 38. Rxb7 {[%emt 0:00:11] Black must now prevent a6.} Ra4 39. Ra7 Ra1+ 40. Kh2 h5 41. Ra8 {[%emt 0:30:23] aiming for Be5+.} Kh7 42. h4 Nd2 43. Bc7 g5 (43... Kg6 $11) 44. hxg5 fxg5 45. a6 h4 $2 (45... Nf1+ $16 {is tougher.} 46. Kg1 Ne3+ 47. Kf2 Nd5) 46. Be5 $2 (46. a7 $18) 46... Ra2 $16 {[%emt 0:00:37] ...Nf3+ is the strong threat.} 47. Kh3 {[%emt 0:00:00] Hoping for a7. White is more active.} Ra5 $2 {[%emt 0:06:41][%mdl 8192] [#]} (47... Nc4 $16 {was worth a try.} 48. Bd4 Nd6) 48. Bb2 $2 (48. a7 $1 $18 {and White stays clearly on top.} Rxe5 {[#]} 49. Rh8+ $3 Kxh8 50. a8=Q+ Kg7 51. Qb7+ (51. Qa1 Kf6 $11) 51... Kf6 52. Qb6+ Re6 53. Qf2+ Kg6 54. Qxd2) 48... Ne4 $2 (48... Nc4 $16) 49. a7 $18 Rd5 50. Kg4 {[%emt 0:01:28] Rh8+ would kill now.} Nf2+ 51. Kh5 {[%emt 0:01:07] Weighted Error Value: White=0.28 (precise) /Black=0.50} (51. Kf3 $142 g4+ 52. Ke2 Ra5 53. Kxf2 Kh6 54. Rh8+ Kg6 55. a8=Q Rxa8 56. Rxa8) 1-0

[Event "55th Biel Festival MTO 2022"]
[Site "Biel"]
[Date "2022.07.22"]
[Round "9.17"]
[White "Shevchenko, Kirill"]
[Black "Karthik Rajaa"]
[Result "1-0"]
[ECO "B12"]
[WhiteElo "2654"]
[BlackElo "2331"]
[Annotator "TA"]
[PlyCount "91"]
[EventDate "2022.07.13"]
[EventType "swiss"]
[EventCountry "SUI"]
[SourceTitle "playchess.com"]
[Source "ChessBase"]
[SourceQuality "1"]
[TimeControl "40/5400+30:1800+30"]

1. e4 c6 2. d4 d5 3. f3 Qb6 4. Nc3 e6 5. a3 Nf6 6. e5 {[%emt 0:01:36] B12: Caro-Kann: Advance Variation.} Nfd7 7. b4 $5 {[%emt 0:06:01][%cal Bb2b4,Bb4b5][%mdl 4] Inhibits c5. An interesting side line.} a5 8. b5 {[%emt 0:00:19] [#] The position is equal.} a4 $146 ({Predecessor:} 8... c5 9. Be3 cxd4 10. Bxd4 Qc7 11. f4 Bc5 12. Nf3 f6 13. exf6 Nxf6 14. Be5 Bd6 {1-0 (26) Moskvin,A (2170)-Sidorika,V (2278) Chess.com INT 2021}) 9. f4 c5 10. Be3 cxd4 11. Bxd4 Bc5 12. Nf3 Bxd4 (12... g5 $142 13. Bxc5 (13. fxg5 Nxe5 14. Bxc5 Qxc5 $17) 13... Qxc5) 13. Qxd4 $11 Qxd4 14. Nxd4 Nb6 15. Kd2 N8d7 16. Bd3 Nc5 17. Nd1 Bd7 18. Ne3 O-O 19. c4 dxc4 (19... f6 {looks sharper.} 20. Rhf1 fxe5 21. fxe5 Rfd8) 20. Nxc4 Nxc4+ (20... Nd5 $5 ) 21. Bxc4 Rfd8 22. Ke3 Rdc8 23. Rhb1 {[%emt 0:02:52] Inhibits Nb3.} b6 24. Rb4 Kf8 25. Be2 {[%emt 0:00:35] White is more active.} Nb3 26. Nxb3 Rc3+ (26... axb3 $16 27. Rxb3 Rc5) 27. Kd2 Rxb3 28. Rxb3 axb3 $18 {[%emt 0:00:01][%mdl 4096] Endgame KRB-KRB} 29. Kc3 Ra4 30. g3 (30. Kxb3 $18 {has better winning chances.} Rxf4 31. Rd1) 30... g5 $16 31. Rd1 Ke7 32. Kxb3 Re4 33. Bd3 Re3 {[%emt 0:00:02] [#]} (33... Rd4 $16 {was called for.}) 34. Kb4 $1 $18 ({Not} 34. fxg5 Bxb5 35. Kc3 Rxe5 $11) 34... gxf4 35. gxf4 {[%emt 0:00:01] Black must now prevent Bc4.} Rf3 {[%emt 0:00:31] [#]} 36. Bc4 $1 {[%emt 0:00:21] aiming for Rd6.} Rxf4 37. Rd6 Re4 $2 (37... f6 38. Rxb6 fxe5) 38. Rxb6 Rxe5 39. a4 Kd8 40. Rb8+ Kc7 41. Rf8 Re1 42. Rxf7 Kd6 43. Rf1 Rxf1 44. Bxf1 {[%emt 0:00:02] White mates.} e5 45. Bd3 h6 46. Be4 {[%emt 0:00:04] Weighted Error Value: White=0.10 (very precise) /Black=0.35} 1-0

[Event "55th Biel Festival MTO 2022"]
[Site "Biel"]
[Date "2022.07.22"]
[Round "9.18"]
[White "Azarov, Sergei"]
[Black "Seul, Georg"]
[Result "1-0"]
[ECO "B12"]
[WhiteElo "2566"]
[BlackElo "2367"]
[Annotator "TA"]
[PlyCount "79"]
[EventDate "2022.07.13"]
[EventType "swiss"]
[EventCountry "SUI"]
[SourceTitle "playchess.com"]
[Source "ChessBase"]
[SourceQuality "1"]
[TimeControl "40/5400+30:1800+30"]

1. e4 c6 2. d4 d5 3. e5 c5 4. dxc5 e6 5. Be3 Nd7 6. Bb5 {[%emt 0:00:49] B12: Caro-Kann: Advance Variation.} Ne7 {[%emt 0:00:16] 6...Ne7 scores better than 6...Qc7.} 7. Bd4 Qa5+ (7... Nc6 $142) 8. Nc3 $11 {[%emt 0:00:57] White has an edge.} a6 9. Bxd7+ Bxd7 10. a3 $1 Nf5 11. b4 Qc7 {[%emt 0:00:06] [#]} 12. Nf3 $146 ({Predecessor:} 12. Nge2 g6 13. O-O Bg7 14. f4 Nxd4 15. Qxd4 O-O 16. Rad1 Rab8 17. Nc1 Rfc8 18. Rf3 {0-1 (37) Zwanzger,J (2263)-Donchenko,A (2659) Playchess.com INT 2021}) 12... Be7 13. O-O O-O 14. Ne2 Nxd4 15. Qxd4 Rfc8 16. Ng3 b6 17. cxb6 Qb7 18. Nd2 {[%emt 0:04:02][%cal Bf3d2,Bd2b3,Bb3a5][%mdl 32] Threatens to win with c4.} Rxc2 19. Nb3 Rac8 20. Na5 $36 {[%emt 0:01:54][%mdl 2048] Keeping Black busy.} Qb8 21. b7 R8c3 ({Better is} 21... R8c7 $1 $14) 22. Ne4 $18 {[%emt 0:08:03] Pair of Knights!} Rc4 23. Nxc4 Rxc4 24. Qd3 {[%emt 0:00:23][%cal Of1c1] Rfc1! is the strong threat.} Bb5 {[%emt 0:07:37] [#]} (24... Rxe4 $2 25. Qxa6 Bc6 26. Qxc6 $18) (24... Rc7 $16 {was worth a try.}) 25. Nc3 ({Only move:} 25. Nd6 $1 $18 Bxd6 26. exd6) 25... Bc6 26. Rac1 Qxe5 {[%emt 0:02:40][%mdl 8192] [#]} (26... Qxb7 $16 {is more resistant.} 27. Rfe1 h6) 27. Ne2 $2 (27. Nxd5 $1 exd5 28. Rce1) 27... Rxc1 (27... Bxb7 {is a better defense.} 28. Rxc4 dxc4 29. Qxc4 Bd6) 28. Rxc1 Bxb7 29. Qe3 Qxe3 30. fxe3 {[%emt 0:00:05][%cal Bf2e3,Be3d4][%mdl 4128] Endgame Hoping for Rc7. KRN-KB} Bd6 {[%emt 0:00:16] Prevents Rc7.} (30... Bd8 $142 31. Nd4 Kf8) 31. Nd4 Kf8 32. Nb3 {[%emt 0:01:11] And now Na5 would win.} d4 33. exd4 ({But not} 33. Nxd4 $6 Ke7 34. Nb3 Kd7 35. Nc5+ Bxc5 36. Rxc5 f6 $18) 33... Ke7 34. Nc5 Bc8 35. Ne4 {[%emt 0:00:32] White is clearly winning.} Bd7 36. Nxd6 Kxd6 37. Rc5 h6 38. Kf2 g5 39. g3 f6 40. Ke3 {[%emt 0:00:21] Weighted Error Value: White=0.30/Black=0.46} 1-0

[Event "55th Biel Festival MTO 2022"]
[Site "Biel"]
[Date "2022.07.22"]
[Round "9.21"]
[White "Gaehwiler, Gabriel"]
[Black "Schnepp, Gunnar"]
[Result "1/2-1/2"]
[ECO "B91"]
[WhiteElo "2420"]
[BlackElo "2265"]
[Annotator "TA"]
[PlyCount "91"]
[EventDate "2022.07.13"]
[EventType "swiss"]
[EventCountry "SUI"]
[SourceTitle "playchess.com"]
[Source "ChessBase"]
[SourceQuality "1"]
[TimeControl "40/5400+30:1800+30"]

1. e4 c5 2. Nf3 d6 3. d4 cxd4 4. Nxd4 Nf6 5. Nc3 a6 6. g3 e5 7. Nde2 Be6 8. Bg2 Nbd7 {[%emt 0:04:35] B91: Sicilian Najdorf: 6 g3.} 9. a4 Be7 10. b3 O-O 11. O-O Qc7 12. h3 Rac8 13. Be3 b5 14. axb5 axb5 {[%emt 0:00:15] [#]} 15. Ra2 $146 ({Predecessor:} 15. Ra7 Qb8 16. f4 b4 17. Na4 Bd8 18. f5 Nc5 19. Bxc5 dxc5 20. Ra6 Bd7 21. Rd6 Bxa4 22. bxa4 {½-½ (57) Kazarian,A (2259)-Verlinde,T (2202) Netherlands 2017}) 15... b4 16. Nd5 Nxd5 (16... Bxd5 $5 17. exd5 Ra8 18. Rxa8 Rxa8 $11) 17. exd5 Bf5 18. Qd2 Qb7 $2 (18... Bxc2 $2 19. Rc1 $18) (18... Ra8 $14 19. Rfa1 Rxa2 20. Rxa2 Rb8) 19. f4 (19. g4 $1 $18 {[%cal Rg4f5] and the rest is easy.}) 19... Nc5 $16 20. fxe5 Be4 21. Bxc5 Bxg2 {[%emt 0:00:11] [#]} 22. Ra7 $1 ({Much worse is} 22. Kxg2 $6 Rxc5 23. Rf4 (23. exd6 $2 Rxd5 24. Ra7 Qc6 $17) 23... Rxd5 24. Qxb4 Rb5+ 25. Qe4 dxe5 26. Qxb7 Rxb7 $11) ({Not} 22. Bxd6 Bxf1 23. Kxf1 Bxd6 24. exd6 Rfd8 $19) 22... Qxd5 23. Qxd5 {[%emt 0:00:16] The board is on fire.} Bxd5 24. exd6 {[%emt 0:00:58] White is more active.} ({Don't play} 24. Rxe7 dxc5 25. Nf4 Be4 $15) ({White has to play} 24. Bxb4 $16 Bd8 25. Ra2) 24... Bd8 $15 25. Bd4 {[%emt 0:00:57] Nf4 is the strong threat.} Rxc2 26. Nf4 Bxb3 {[%emt 0:01:37] A strong pair of Bishops.} 27. Rb1 {[%emt 0:00:05] [#]} Rc4 $1 28. Rxb3 Rxd4 29. Rb7 Rxd6 30. R3xb4 Rd2 31. Rb2 Rxb2 32. Rxb2 $17 {[%emt 0:00:01][%mdl 4096] Endgame KRB-KRN} Bc7 33. Rb4 Rb8 34. Rxb8+ Bxb8 {[%emt 0:00:01] KB-KN} 35. Ne2 h5 36. g4 Be5 37. Kg2 Kh7 38. Ng1 h4 (38... Kg6 $17 39. Nf3 Bf4) 39. Kf3 Kg6 40. Ke4 f6 ({Black should play} 40... Bb8 $15) 41. Nf3 $11 {[%emt 0:30:12][%csl LRe5,LRh4] The position is equal.} Bg3 42. Nd4 Kf7 43. Nf5 Be1 44. Kd5 $1 Bg3 45. Ke4 Be1 46. Kd5 {[%emt 0:00:00] Weighted Error Value: White=0.16 (very precise) /Black=0.21 (precise)} 1/2-1/2